 Dungeon Crawl Stone Soup version 0.31-a0-1529-g7bd419a0e5 (webtiles) character file.

Game seed: 7392269453073829360

61 grandjackal the Chopper (level 3, 0/29 HPs)
             Began as a Demonspawn Gladiator on Jan 1, 2024.
             Slain by a gnoll
             ... wielding a +0 spear
              (3 damage)
             ... on level 2 of the Dungeon.
             The game lasted 00:00:53 (905 turns).

grandjackal the Chopper (Demonspawn Gladiator)       Turns: 905, Time: 00:00:54

Health: 0/29       AC:  8    Str: 16    XL:     3   Next: 83%
Magic:  3/3        EV: 10    Int:  8    God:
Gold:   106        SH:  0    Dex: 14    Spells: 2/2 levels left

rFire   . . .        a - +0 war axe
rCold   . . .        (no shield)
rNeg    . . .        f - +0 scale mail
rPois   .            (helmet restricted)
rElec   .            (no cloak)
rCorr   .            (no gloves)
SInv    .            (no boots)
Will    .....        (no amulet) Stlth
                     (no ring)
HPRegen 0.24/turn    (no ring)
MPRegen 0.08/turn

%: no passive effects
@: no status effects
A: horns 1, molten scales 1
a: no special abilities


You were on level 2 of the Dungeon.
You visited 1 branch of the dungeon, and saw 2 of its levels.

You collected 106 gold pieces.

Inventory:

Hand Weapons
 a - a +0 war axe (weapon)
Missiles
 d - 3 throwing nets (quivered)
 e - a javelin
Armour
 f - a +0 scale mail (worn)
Scrolls
 b - a scroll of enchant weapon {unknown}
 c - 4 scrolls of identify {unknown}
 i - a scroll of immolation {unknown}
Potions
 g - 2 potions of cancellation {unknown}
 h - a potion of curing {unknown}


   Skills:
 + Level 3.0 Fighting
 + Level 3.4 Axes
 - Level 2.0 Throwing
 - Level 3.0 Dodging


You had 2 spell levels left.
You didn't know any spells.
Your spell library contained the following spells:

 Spells                   Type           Power      Damage    Failure   Level
 Jinxbite                 Hex            0%         N/A       94%         2
 Tukima's Dance           Hex            0%         N/A       99%         3
 Passage of Golubria      Tloc           0%         N/A       100%        4
 Yara's Violent Unravell  Hex/Alch       0%         3d3       100%        5
 Enfeeble                 Hex            0%         N/A       100%        7


Dungeon Overview and Level Annotations

Branches:
Dungeon (2/15)

Altars:


Innate Abilities, Weirdness & Mutations

You have a pair of small horns on your head.
You are partially covered in molten scales. (AC +2)


Message History

The gnoll is severely wounded.
You hit the gnoll but do no damage. You hit the gnoll.
The gnoll barely misses you. The gnoll misses you. The gnoll barely misses you.
The gnoll hits you but does no damage.
Unknown command.
You slash the gnoll!
You kill the gnoll!
You hit the gnoll. You hit the gnoll but do no damage.
The gnoll closely misses you. The gnoll hits you but does no damage.
Unknown command.
You completely miss the gnoll.
The gnoll is heavily wounded.
You hit the gnoll.
The gnoll hits you but does no damage. x2
The gnoll hits you from afar with a +0 spear.
The gnoll hits you but does no damage.
The gnoll hits you from afar with a +0 spear.
The gnoll hits you with a +0 whip.
You are too injured to fight recklessly!
Unknown command.
You are too injured to fight recklessly!
Unknown command.
The gnoll attacks as it pursues you! The gnoll closely misses you.
You hit the gnoll but do no damage. You headbutt the gnoll.
The gnoll is severely wounded.
The gnoll attacks as it pursues you! The gnoll hits you with a +0 flail!
* * * LOW HITPOINT WARNING * * *
You slash the gnoll! You headbutt the gnoll.
You kill the gnoll!
Your Fighting skill increases to level 3!
The gnoll barely misses you. The gnoll hits you but does no damage.
You see here a +0 flail.
You hit the gnoll.
The gnoll is almost dead.
The gnoll hits you with a +0 whip.
* * * LOW HITPOINT WARNING * * *
The gnoll completely misses you. The gnoll closely misses you.
You hit the gnoll but do no damage.
The gnoll is almost dead.
The gnoll hits you from afar with a +0 spear.
You die...

### #.. #.. #..
######## #..
#..gg@.#### #..
#.).##....## ###..
#8...8####..# ##....
##...## ##.# ##.....
#...# #.# #......
#...# #.#####......
8...8 #....##......
##...# ####.##......
#...##8###8#..........


You could see 2 gnolls.

Vanquished Creatures
  2 gnolls (D:2)
  2 adders (D:2)
  A ribbon worm (D:2)
  3 endoplasms
  3 hobgoblins
  A quokka (D:2)
  A ball python (D:1)
  2 bats (D:1)
  A frilled lizard (D:1)
  3 kobolds
  6 rats
25 creatures vanquished.

Notes
Turn   | Place    | Note
-------+----------+-------------------------------------------
     0 | D:1      | grandjackal the Demonspawn Gladiator began the quest for
                  | the Orb.
     0 | D:1      | Reached XP level 1. HP: 16/16 MP: 1/1
   224 | D:1      | Gained mutation: You have a pair of small horns on your
                  | head. [demonic ancestry]
   224 | D:1      | Reached XP level 2. HP: 22/22 MP: 2/2
   507 | D:2      | Found a faded altar of an unknown god.
   815 | D:2      | Gained mutation: You are partially covered in molten
                  | scales. (AC +2) [demonic ancestry]
   815 | D:2      | Reached XP level 3. HP: 28/28 MP: 3/3
   905 | D:2      | Slain by a gnoll

Illustrated notes

Levels and vault maps discovered:
D:1:      zelgadis_glass_arrival_small, layout_basic
D:2:      layout_rooms, serial_corexii_hall, chequers_hall_statues_corner_a,
          corexii_hall_statues_l, basic_ecumenical_altar

Skill      XL: |  1  2  3 |
---------------+----------+-----
Throwing       | 2 |  2.0
Axes           | 3 |  3.4
Dodging        | 3 |  3.0
Fighting       | 3 |  3.0

Action                     || total
---------------------------++-------
  Melee: War axe           ||    67
         Punch             ||     1
         Headbutt          ||     8
   Stab: Sleeping          ||     1
 Armour: Scale mail        ||    64
         Leather armour    ||     2
  Dodge: Dodged            ||    52

Table legend: (Time is in decaauts)
 A = Elapsed time spent in this place.
 B = Non-inter-level travel time spent in this place.
 C = Inter-level travel time spent in this place.
 D = Time resting spent in this place.
 E = Time spent auto-exploring this place.
 F = Levels seen in this place.
 G = Mean time per level.
                   A        B        C        D        E       F      G
               +--------+--------+--------+--------+--------+-----+--------+
         Total |    927 |    918 |      9 |     54 |    658 |   2 |  463.5 |
       Dungeon |    927 |    918 |      9 |     54 |    658 |   2 |  463.5 |
               +--------+--------+--------+--------+--------+-----+--------+

Top non-repeatable levels by time:
     D:1: 503 daAuts
     D:2: 423 daAuts
